 Dungeon Crawl Stone Soup version 0.30-a0-458-g86641cc369 (webtiles) character file.

Game seed: 8402509488642426029

352742 TheGamechu the Slayer (level 21, -14/213 HPs)
             Began as a Minotaur Berserker on Mar 15, 2022.
             Was a High Priest of Trog.
             Demolished by a frost giant
             ... wielding a +0 battleaxe of freezing
              (26 damage)
             ... on level 5 of the Vaults on Dec 15, 2022.
             The game lasted 02:57:46 (56532 turns).

TheGamechu the Slayer (Minotaur Berserker)         Turns: 56532, Time: 02:57:47

Health: -14/213    AC: 40    Str: 24    XL:     21   Next: 32%
Magic:  1/20       EV: 14    Int:  4    God:    Trog [*****.]
Gold:   1102       SH: 26    Dex: 19    Spells: 20/20 levels left

rFire   + . .      SeeInvis .    I - +9 broad axe (flame)
rCold   . . .      Faith    .    u - +1 tower shield {reflect}
rNeg    . . .      Spirit   .    V - +7 storm dragon scales {Bai Suzhen}
rPois   +          Reflect  +    a - +2 hat
rElec   +          Harm     .    f - +2 cloak {Will+}
rCorr   +          Rampage  .    n - +2 pair of gloves {infuse}
Will    ++...                    w - +2 pair of boots {Fly}
Stlth   ..........               i - amulet of reflection
HPRegen 0.55/turn                m - ring of poison resistance
MPRegen 0.17/turn                Y - ring of Aschot {rF+ rCorr}

@: flying, hasted, unable to read, very quick
A: horns 2, retaliatory headbutt, inability to read after injury 1
}: 2/15 runes: serpentine, barnacled
a: Renounce Religion, Berserk, Trog's Hand, Brothers in Arms


You were on level 5 of the Vaults.
You worshipped Trog.
Trog was extremely pleased with you.
You visited 9 branches of the dungeon, and saw 39 of its levels.
You visited 1 bazaar.
You also visited: Trove, Sewer, Ossuary, Ice Cave and Volcano.

You collected 4062 gold pieces.
You spent 2960 gold pieces at shops.

Inventory:

Hand Weapons
 I - a +9 broad axe of flaming (weapon)
Missiles
 q - 7 throwing nets
 r - 24 boomerangs
 Q - 6 silver boomerangs
 S - 2 silver javelins
 W - 8 javelins (quivered)
Armour
 a - a +2 hat (worn)
 f - a +2 cloak of willpower (worn)
 n - a +2 pair of gloves of infusion (worn)
 u - a +1 tower shield of reflection (worn)
 w - a +2 pair of boots of flying (worn)
 V - +7 storm dragon scales (worn) {Bai Suzhen}
Jewellery
 i - an amulet of reflection (around neck)
 m - a ring of poison resistance (left hand)
 Y - the ring of Aschot (right hand) {rF+ rCorr}
   (You found it on level 4 of the Shoals)

   [ring of resist corrosion]

   rF:        It protects you from fire.
   rCorr:     It protects you from acid and corrosion.
Wands
 b - a wand of digging (18)
 h - a wand of polymorph (2)
 l - a wand of iceblast (10)
 z - a wand of acid (9)
 F - a wand of paralysis (17)
 H - a wand of charming (6)
Scrolls
 c - a scroll of silence
 d - a scroll of enchant armour
 e - 5 scrolls of fog
 p - a scroll of poison
 s - 19 scrolls of teleportation
 x - 28 scrolls of identify
 N - 2 scrolls of summoning
 O - a scroll of holy word
 P - 9 scrolls of blinking
 T - 4 scrolls of fear
 X - 3 scrolls of magic mapping
Potions
 g - 4 potions of cancellation
 j - 4 potions of lignification
 k - 2 potions of heal wounds
 o - 4 potions of haste
 v - 4 potions of berserk rage
 A - 2 potions of ambrosia
 B - 6 potions of resistance
 D - 5 potions of invisibility
 K - 3 potions of might
Miscellaneous
 E - a tin of tremorstones (2/2)
 L - a phantom mirror


   Skills:
 + Level 23.9 Fighting
 - Level 18.0 Axes
 + Level 20.2 Throwing
 + Level 21.1 Armour
 - Level 12.0 Dodging
 - Level 15.0 Shields
 + Level 11.2 Evocations


You had 20 spell levels left.
You didn't know any spells.
Your spell library was empty.

Dungeon Overview and Level Annotations

Branches:
Dungeon (15/15)            Temple (1/1) D:5            Lair (6/6) D:11
 Shoals (4/4) Lair:2        Snake (4/4) Lair:3        Slime (1/5) Lair:6
    Orc (2/2) D:9             Elf (1/3) Orc:2        Vaults (5/5) D:13
  Crypt (0/3) Vaults:2     Depths (0/4) D:15          Sewer (visited)
Ossuary (visited)           IceCv (visited)         Volcano (visited)

Altars:
Ashenzari
Cheibriados
Dithmenos
Elyvilon
Fedhas
Gozag
Hepliaklqana
Kikubaaqudgha
Makhleb
Nemelex Xobeh
Okawaru
Qazlal
Ru
Sif Muna
Trog
Uskayaw
Vehumet
Wu Jian
Xom
Yredelemnul
Zin
The Shining One

Shops:
D:14 [   Orc:2 **??(   Shoals:1 *   Shoals:4 (((:   Snake:1 *   Snake:2 !
Snake:3 ::=   Vaults:4 !

Annotations:
D:11 1 runed translucent door


Innate Abilities, Weirdness & Mutations

You have a pair of horns on your head.
You reflexively headbutt those who attack you in melee.
You occasionally lose the ability to read scrolls when taking damage.


Message History

You block the titan's attack.
You feel much better. You block the tengu reaver's attack.
The tengu reaver pecks you but does no damage.
The tengu reaver claws you but does no damage.
You block the frost giant's attack.
The vault guard hits you but does no damage.
You block the vault guard's attack. x3; The titan closely misses you.
Okay, then.
You cannot read scrolls in your current state!
You feel yourself speed up. The tengu reaver barely misses you.
You block the tengu reaver's attack. x2; You block the vault guard's attack.
The vault guard hits you from afar with a +0 glaive! x2
* * * LOW HITPOINT WARNING * * *
The vault guard closely misses you. The titan hits you but does no damage.
The frost giant hits you with a +0 battleaxe of freezing!
* * * LOW HITPOINT WARNING * * *
The frost giant freezes you.
* * * LOW HITPOINT WARNING * * *
A deep elf demonologist comes into view.
It is wielding a +0 rapier.
The deep elf demonologist shouts!
You hear a shout!
The tengu reaver casts a spell at you. The bolt of poison hits you. You resist.
* * * LOW HITPOINT WARNING * * *
You block the vault guard's attack.
The frost giant points at you and mumbles some strange words.
The bolt of cold hits you!!
* * * LOW HITPOINT WARNING * * *
The vault guard completely misses you.
You feel much better.
A titan comes into view.
The titan shouts!
You hear a shout!
The vault guard hits you with a +2 vampiric halberd!
* * * LOW HITPOINT WARNING * * *
You block the vault guard's attack.
The vault guard hits you from afar with a +0 glaive!!
* * * LOW HITPOINT WARNING * * *
The titan gestures at you while chanting.
The bolt of lightning misses you.
The frost giant hits you with a +0 battleaxe of freezing!!
You die...

.#........#....
.............
####........####
................
.......<<.......
......<รท[<......
......)<<.......
####.)ppC...####
....C.pC@.......
.....#.Q..#.....
###..#.p..# ....
#. #....# ... #
#....# # #....#
#..e.# #....#
#....#


You could see 2 titans, a frost giant, a tengu reaver, 4 vault guards and a deep
elf demonologist.

Vanquished Creatures
  A dread lich (Vaults:4)
  Bai Suzhen (Shoals:3)
  Margery (Vaults:4)
  Vashnia (Snake:2)
  2 titans (Vaults:4)
  3 krakens (Shoals:3)
  Donald (Snake:2)
  2 shadow dragons
  3 sphinxes
  Kirke (Shoals:1)
  5 nagarajas
  A fire giant (Vaults:4)
  3 frost giants
  12 vault wardens
  Aizul (Snake:2)
  An orc warlord (Vaults:3)
  8 very ugly things
  3 stone giants
  3 war gargoyles
  7 ironbound thunderhulks
  21 ironbound preservers
  A deep elf demonologist (Vaults:4)
  A red draconian (Volcano)
  13 dire elephants
  A white draconian (IceCv)
  A deep elf annihilator (Vaults:5)
  6 merfolk javelineers
  A deep elf death mage (Vaults:5)
  An ettin (Vaults:2)
  2 entropy weavers
  A great orb of eyes (Vaults:3)
  10 merfolk impalers
  7 yaktaur captains
  3 deep elf high priests
  3 salamander tyrants (Snake:4)
  2 merfolk avatars (Shoals:4)
  A peacekeeper (Vaults:4)
  Erolcha (D:12)
  31 vault guards
  12 hydras
  An ogre mage (Vaults:4)
  2 catoblepae
  10 centaur warriors
  2 alligator snapping turtles
  13 ironbound frosthearts
  A satyr (shapeshifter) (Vaults:5)
  3 two-headed ogres
  A satyr (Shoals:2)
  3 boulder beetles
  8 anacondas
  5 merfolk aquamancers
  2 death knights
  5 tengu warriors
  18 naga warriors
  A vampire mage (Vaults:2)
  3 orc high priests (Orc:2)
  20 naga sharpshooters
  8 shock serpents
  4 hell knights (Vaults:4)
  6 salamander mystics
  A skeletal warrior (D:13)
  12 sea snakes
  2 deep elf archers (D:15)
  An orange crystal statue (IceCv)
  4 lindwurms
  63 deep trolls
  8 naga ritualists
  A lindwurm (shapeshifter) (Vaults:5)
  2 deep elf zephyrmancers (D:15)
  A mana viper (shapeshifter) (Vaults:5)
  17 harpies
  2 phantasmal warriors
  A necromancer (Vaults:4)
  A wizard (Vaults:1)
  7 mana vipers
  14 ironbound convokers
  4 orc knights (Orc:2)
  3 deep elf pyromancers
  15 manticores
  A shining eye (shapeshifter) (Vaults:5)
  36 ugly things
  18 fauns
  4 orc sorcerers (Orc:2)
  9 cyclopes
  A moth of wrath (shapeshifter) (Vaults:1)
  A wolf spider (D:14)
  15 salamanders
  A manticore (shapeshifter) (Vaults:4)
  7 elephants
  43 black mambas
  18 naga magi
  Joseph (D:9)
  Maurice (D:9)
  7 merfolk sirens
  5 guardian serpents
  4 water nymphs
  2 molten gargoyles (Lair:6)
  16 vault sentinels
  2 gargoyles
  An unseen horror (D:12)
  13 cane toads
  21 rime drakes
  10 komodo dragons
  2 kobold demonologists (D:11)
  3 efreet
  20 yaktaurs
  2 freezing wraiths
  4 trolls
  33 merfolk
  2 meliai (shapeshifter)
  17 polar bears
  7 wind drakes
  43 slime creatures
  16 snapping turtles
  12 dream sheep
  24 blink frogs
  A spriggan (Lair:5)
  18 water elementals
  8 wyverns
  2 shadows
  30 yaks
  7 basilisks
  3 fire bats (Lair:4)
  4 vampires
  3 wraiths
  17 vampire mosquitoes
  A hog (Shoals:1)
  4 wargs
  4 steam dragons
  Menkaure (D:4)
  6 acid dragons
  47 nagas
  5 hell hounds (Lair:6)
  13 water moccasins
  Duvessa (D:7)
  2 sky beasts
  An ice beast (D:7)
  2 black bears
  10 orc warriors
  4 ogres
  9 boggarts
  7 centaurs
  20 wolves
  A phantom (D:4)
  7 kobold brigands
  15 bullfrogs
  A gnoll sergeant (D:12)
  5 scorpions
  4 necrophages
  Dowan (D:7)
  11 killer bees
  13 electric eels
  8 howler monkeys
  4 gnoll boudas
  2 hounds (D:6)
  5 lava snakes (Lair:6)
  13 orc priests
  7 jellies
  3 iguanas
  Natasha (thrice) (D:2)
  17 orc wizards
  A mummy (Ossuary)
  Robin (D:2)
  33 gnolls
  14 adders
  A shadow imp (D:6)
  2 white imps
  A worm (D:4)
  2 dart slugs
  44 orcs
  8 bats
  9 endoplasms
  3 giant cockroaches
  21 goblins
  20 hobgoblins
  6 jackals
  29 kobolds
  6 quokkas
  5 ball pythons
  4 frilled lizards
  9 gnoll skeletons (Ossuary)
  6 kobold skeletons (Ossuary)
  10 orc skeletons (Ossuary)
  2 rats
  5 tentacles (Shoals:3)
1468 creatures vanquished.

Vanquished Creatures (collateral kills)
  An ironbound preserver (Vaults:2)
  A fire dragon (Lair:6)
  A vault guard (Vaults:2)
  An ironbound frostheart (Vaults:2)
  A naga warrior (Snake:4)
  2 naga sharpshooters (Snake:4)
  A deep troll (Vaults:2)
  A sea snake (Snake:3)
  A naga ritualist (Snake:4)
  An ironbound convoker (Vaults:1)
  A mana viper (Snake:3)
  3 salamanders
  4 elephants (Lair:5)
  A vault sentinel (Vaults:1)
  2 yaktaurs (Vaults:2)
  An efreet (D:11)
  A polar bear (Lair:5)
  A slime creature (Vaults:1)
  A jumping spider (Vaults:1)
  A warg (D:11)
  An ice beast (D:8)
  A centaur (D:8)
  An orc priest (D:11)
  An orc wizard (D:11)
  2 orcs (D:11)
33 creatures vanquished.

Vanquished Creatures (others)
  A merfolk aquamancer (Shoals:4)
  An ogre mage (Vaults:2)
  A naga warrior (Snake:3)
  A sea snake (Shoals:3)
  A wizard (Vaults:1)
  A manticore (D:15)
  5 dream sheep (D:5)
  5 humans (Shoals:1)
  A naga (Snake:3)
  25 fungi
  300 plants
  26 tentacles (Shoals:3)
368 creatures vanquished.

Grand Total: 1869 creatures vanquished

Notes
Turn   | Place    | Note
-------+----------+-------------------------------------------
     0 | D:1      | TheGamechu the Minotaur Berserker began the quest for the
                  | Orb.
     0 | D:1      | Reached XP level 1. HP: 19/19 MP: 0/0
   184 | D:1      | Found a faded altar of an unknown god.
   196 | D:1      | Reached XP level 2. HP: 17/27 MP: 1/1
   617 | D:1      | Reached skill level 4 in Fighting
   683 | D:1      | Reached ** piety under Trog
   721 | D:1      | Reached XP level 3. HP: 30/33 MP: 2/2
  1641 | D:2      | Reached XP level 4. HP: 23/40 MP: 3/3
  2404 | D:2      | Noticed Natasha
  2417 | D:2      | Killed Natasha
  2418 | D:2      | Reached skill level 1 in Throwing
  2426 | D:2      | Noticed Natasha
  2442 | D:2      | Killed Natasha
  2443 | D:2      | Reached XP level 5. HP: 17/47 MP: 1/4
  2666 | D:2      | Noticed Robin
  2682 | D:2      | Killed Robin
  2882 | D:2      | Noticed Natasha
  2888 | D:2      | Killed Natasha
  3349 | D:3      | Reached *** piety under Trog
  3350 | D:3      | Found a glowing drain.
  3364 | D:3      | Reached XP level 6. HP: 33/55 MP: 2/5
  3372 | Sewer    | Entered a sewer
  3605 | Sewer    | Noticed a water moccasin
  3610 | Sewer    | Killed a water moccasin
  3611 | Sewer    | Reached skill level 5 in Fighting
  3611 | Sewer    | Reached skill level 5 in Axes
  4581 | D:4      | You are sucked into a shaft and drop 1 floor!
  4581 | D:5      | Entered Level 5 of the Dungeon
  4581 | D:5      | Found a basalt altar of Yredelemnul.
  4581 | D:5      | Found a hide-covered altar of Uskayaw.
  4581 | D:5      | Found a sacrificial altar of Ru.
  4605 | D:5      | Reached XP level 7. HP: 60/61 MP: 6/6
  4716 | D:4      | Reached skill level 5 in Armour
  4787 | D:4      | Noticed Menkaure
  4793 | D:4      | Killed Menkaure
  5105 | D:4      | Reached skill level 6 in Fighting
  5317 | D:4      | Reached **** piety under Trog
  5422 | D:4      | Found a stormy altar of Qazlal.
  5424 | D:4      | Noticed a water elemental
  5424 | D:4      | Noticed a fire elemental
  5425 | D:4      | Noticed an air elemental
  5999 | D:4      | Reached XP level 8. HP: 64/71 MP: 4/7
  6091 | D:5      | Found a staircase to the Ecumenical Temple.
  6267 | Temple   | Entered the Ecumenical Temple
  6556 | D:5      | Found a radiant altar of Vehumet.
  6569 | D:5      | Reached skill level 7 in Fighting
  6648 | D:5      | Noticed a dream sheep
  6648 | D:5      | Noticed a dream sheep
  6648 | D:5      | Noticed a dream sheep
  6648 | D:5      | Noticed a dream sheep
  6648 | D:5      | Noticed a dream sheep
  6648 | D:5      | Found a shimmering altar of Xom.
  6650 | D:5      | Killed a dream sheep
  6650 | D:5      | Killed a dream sheep
  6650 | D:5      | Killed a dream sheep
  6654 | D:5      | Killed a dream sheep
  6656 | D:5      | Killed a dream sheep
  7488 | D:6      | Reached skill level 5 in Throwing
  7599 | D:6      | Found an iron altar of Okawaru.
  7670 | D:6      | Reached XP level 9. HP: 23/80 MP: 5/8
  8174 | D:6      | Reached skill level 8 in Fighting
  8252 | D:6      | Found a sparkling altar of Nemelex Xobeh.
  8993 | D:7      | Noticed Duvessa
  9012 | D:7      | Killed Duvessa
  9013 | D:7      | Noticed Dowan
  9020 | D:7      | Killed Dowan
  9153 | D:7      | Found a sand-covered staircase.
  9165 | Ossuary  | Entered an ossuary
  9393 | Ossuary  | Reached ***** piety under Trog
  9574 | Ossuary  | Identified a scroll of acquirement
  9574 | Ossuary  | Acquired a manual of Shields
  9794 | D:7      | Reached skill level 10 in Armour
 10348 | D:8      | Received a gift from Trog
 10349 | D:8      | Reached skill level 9 in Fighting
 10739 | D:8      | Reached XP level 10. HP: 78/91 MP: 7/9
 10750 | D:8      | Reached skill level 1 in Shields
 10755 | D:8      | Identified the +4 mace of the Horn {vorpal, rN+ Int+4}
 11157 | D:8      | Noticed a four-headed hydra
 11157 | D:8      | Noticed a centaur warrior
 11157 | D:8      | Noticed a tengu warrior
 11201 | D:8      | Killed a centaur warrior
 11208 | D:8      | Killed a one-headed hydra
 11209 | D:8      | Reached skill level 10 in Fighting
 11209 | D:8      | Reached skill level 10 in Axes
 11209 | D:8      | Reached skill level 5 in Shields
 11218 | D:8      | Killed a tengu warrior
 11752 | D:9      | Noticed Joseph
 11994 | D:9      | Noticed a two-headed ogre
 12000 | D:9      | Killed a two-headed ogre
 12041 | D:9      | Reached XP level 11. HP: 80/101 MP: 10/10
 12225 | D:9      | Noticed Maurice
 12251 | D:9      | Killed Maurice
 12382 | D:9      | Killed Joseph
 12383 | D:9      | Reached skill level 11 in Fighting
 12621 | D:9      | Found a staircase to the Orcish Mines.
 12847 | D:10     | Entered Level 10 of the Dungeon
 13569 | D:10     | Found a glowing silver altar of Zin.
 13833 | D:11     | Found a staircase to the Lair.
 14098 | D:11     | Noticed a boulder beetle
 14099 | D:11     | Noticed a two-headed ogre
 14104 | D:11     | Killed a two-headed ogre
 14105 | D:11     | Reached skill level 10 in Shields
 14199 | D:11     | Killed a boulder beetle
 14219 | D:11     | Found a runed translucent door.
 14220 | D:11     | Noticed an orc knight
 14222 | D:11     | Noticed a fire giant
 14482 | D:11     | Noticed a two-headed ogre
 14490 | D:11     | Killed a two-headed ogre
 14491 | D:11     | Reached skill level 12 in Fighting
 15012 | D:11     | Noticed an eight-headed hydra
 15019 | D:11     | Killed a four-headed hydra
 15020 | D:11     | Reached XP level 12. HP: 81/112 MP: 7/11
 15367 | D:12     | Noticed an eight-headed hydra
 15381 | D:12     | Killed a four-headed hydra
 15622 | D:12     | Noticed Erolcha
 15641 | D:12     | Killed Erolcha
 15702 | D:12     | Reached skill level 10 in Throwing
 16804 | Lair:1   | Entered Level 1 of the Lair of Beasts
 17032 | Lair:1   | Reached skill level 13 in Fighting
 18468 | Lair:2   | Found a staircase to the Shoals.
 19042 | Lair:3   | Received a gift from Trog
 19114 | Lair:3   | Found a staircase to the Snake Pit.
 19377 | Lair:3   | Reached XP level 13. HP: 114/123 MP: 10/12
 20041 | Lair:4   | Found a dark tunnel.
 20055 | Volcano  | Entered a volcano
 20319 | Volcano  | Found a burning altar of Makhleb.
 20322 | Volcano  | Noticed a red draconian
 20354 | Volcano  | Reached skill level 14 in Fighting
 20547 | Volcano  | Killed a red draconian
 22698 | Lair:6   | Entered Level 6 of the Lair of Beasts
 22705 | Lair:6   | Reached skill level 15 in Axes
 22763 | Lair:6   | Reached skill level 15 in Fighting
 22795 | Lair:6   | Reached XP level 14. HP: 117/135 MP: 11/13
 23247 | Lair:6   | Found a staircase to the Slime Pits.
 23251 | Lair:6   | Upgraded the game from 0.29-a0-284-gf9362112df to
                  | 0.30-a0-458-g86641cc369
 23537 | Lair:6   | Received a gift from Trog
 23700 | Lair:6   | Found a large runed translucent door.
 23700 | Lair:6   | Found a large runed translucent door.
 23959 | Lair:6   | Reached skill level 15 in Armour
 25175 | Orc:1    | Entered Level 1 of the Orcish Mines
 25659 | Shoals:1 | Entered Level 1 of the Shoals
 25741 | Shoals:1 | Noticed Kirke
 25755 | Shoals:1 | Killed Kirke
 25860 | Shoals:1 | Found Lialy's Luxury Loot.
 26212 | Shoals:1 | Reached skill level 16 in Fighting
 27473 | Shoals:2 | Reached XP level 15. HP: 145/145 MP: 14/14
 28211 | Shoals:2 | Received a gift from Trog
 28935 | Shoals:3 | Noticed a kraken
 29332 | Shoals:3 | Noticed Bai Suzhen
 29379 | Shoals:3 | Killed Bai Suzhen
 29399 | Shoals:3 | Reached skill level 17 in Fighting
 29741 | Shoals:3 | Killed a kraken
 29855 | Shoals:3 | Noticed a kraken
 29873 | Shoals:3 | Killed a kraken
 29874 | Shoals:3 | Reached skill level 15 in Shields
 29963 | Shoals:3 | Noticed a kraken
 29999 | Shoals:3 | Killed a kraken
 30823 | Shoals:4 | Entered Level 4 of the Shoals
 30824 | Shoals:4 | Found a flickering gateway to a bazaar.
 30850 | Bazaar   | Entered a bazaar
 30850 | Bazaar   | Found Nuathrel's Armour Boutique.
 30850 | Bazaar   | Found Noecka's Weapon Shop.
 30850 | Bazaar   | Found Vetseuffu's Armour Shop.
 30854 | Bazaar   | Identified the +5 chain mail of Watchfulness {rN+ Regen+}
 30860 | Bazaar   | Bought a +2 hat for 192 gold pieces
 30862 | Bazaar   | Bought a +2 cloak of willpower for 322 gold pieces
 31054 | Shoals:4 | Found Jionip's Weapon Emporium.
 31371 | Shoals:4 | Reached skill level 5 in Dodging
 32038 | Shoals:4 | Found Noexuh's Antique Weapon Emporium.
 32541 | Shoals:4 | Reached XP level 16. HP: 154/157 MP: 15/15
 33089 | Shoals:4 | Found Usong's Weapon Shop.
 33125 | Shoals:4 | Reached skill level 18 in Fighting
 33125 | Shoals:4 | Found Dopekat's Book Emporium.
 33253 | Shoals:4 | Got a barnacled rune of Zot
 33282 | Shoals:4 | Identified the ring of Aschot {rF+ rCorr}
 33291 | Shoals:4 | Reached ****** piety under Trog
 33295 | Shoals:4 | Reached skill level 15 in Throwing
 33701 | Shoals:4 | Received a gift from Trog
 34186 | Orc:2    | Entered Level 2 of the Orcish Mines
 34186 | Orc:2    | Found Jeop's Weapon Boutique.
 34505 | Orc:2    | Found a staircase to the Elven Halls.
 34556 | Orc:2    | Found Mugif's Magic Scroll Shop.
 34645 | Orc:2    | Gained mutation: You occasionally lose the ability to read
                  | scrolls when taking damage. [a neqoxec]
 34949 | Orc:2    | Paralysed by an orc sorcerer for 5 turns
 35142 | Orc:2    | Found Naakk's General Store.
 35150 | Orc:2    | Found Oret's Assorted Antiques.
 35194 | Orc:2    | Found Zitiwipp's Magic Scroll Shoppe.
 35202 | Orc:2    | Bought a scroll of enchant weapon for 90 gold pieces
 35204 | Orc:2    | Bought a scroll of blinking for 112 gold pieces
 35204 | Orc:2    | Bought a scroll of teleportation for 45 gold pieces
 35204 | Orc:2    | Bought a scroll of teleportation for 45 gold pieces
 35406 | Orc:2    | Bought a scroll of teleportation for 36 gold pieces
 35406 | Orc:2    | Bought a scroll of blinking for 90 gold pieces
 35414 | Orc:2    | Bought a scroll of enchant weapon for 187 gold pieces
 35414 | Orc:2    | Bought a tin of tremorstones (2/2) for 1000 gold pieces
 35416 | Orc:2    | Bought a scroll of teleportation for 75 gold pieces
 35445 | Elf:1    | Entered Level 1 of the Elven Halls
 35692 | Snake:1  | Entered Level 1 of the Snake Pit
 36163 | Snake:1  | Received a gift from Trog
 36222 | Snake:1  | Found Ceykatzu's CLEARANCE SALE!.
 36230 | Snake:1  | Bought a scroll of teleportation for 9 gold pieces
 36476 | Snake:1  | Reached skill level 19 in Fighting
 36929 | Snake:2  | You are sucked into a shaft and drop 1 floor!
 37222 | Snake:3  | Reached XP level 17. HP: 128/168 MP: 8/16
 37367 | Snake:2  | Noticed Donald
 37385 | Snake:2  | Killed Donald
 37500 | Snake:2  | Noticed Aizul
 37511 | Snake:2  | Killed Aizul
 37605 | Snake:2  | Reached skill level 10 in Dodging
 37861 | Snake:2  | Noticed Vashnia
 37876 | Snake:2  | Received a gift from Trog
 37919 | Snake:2  | Killed Vashnia
 38340 | Snake:2  | Found Bitor's Distillery.
 38345 | Snake:2  | Bought a potion of haste for 180 gold pieces
 38345 | Snake:2  | Bought a potion of heal wounds for 90 gold pieces
 38345 | Snake:2  | Bought a potion of resistance for 180 gold pieces
 38737 | Snake:3  | Reached skill level 20 in Fighting
 38770 | Snake:3  | Found Ickab's Book Shop.
 38771 | Snake:3  | Found Mudykeat's Jewellery Emporium.
 38773 | Snake:3  | Found Itaqot's Book Shop.
 39875 | Snake:4  | Entered Level 4 of the Snake Pit
 40248 | Snake:4  | Reached skill level 1 in Evocations
 40395 | Snake:4  | Received a gift from Trog
 40859 | Snake:4  | Reached XP level 18. HP: 94/180 MP: 17/17
 41394 | Snake:4  | Got a serpentine rune of Zot
 41666 | Snake:4  | Received a gift from Trog
 42806 | D:13     | Found a gate to the Vaults.
 43545 | D:14     | Reached skill level 21 in Fighting
 43613 | D:14     | Found a frozen archway.
 43634 | IceCv    | Entered an ice cave
 43653 | IceCv    | Reached skill level 5 in Evocations
 43758 | IceCv    | Received a gift from Trog
 44876 | D:14     | Found Jufas's Antique Armour Shoppe.
 44884 | D:14     | Bought a pair of glowing gloves for 232 gold pieces
 45275 | D:14     | Found a portal to a secret trove of treasure.
 45512 | D:15     | Entered Level 15 of the Dungeon
 45663 | D:15     | Received a gift from Trog
 46508 | D:15     | Found a staircase to the Depths.
 46683 | Vaults:1 | Entered Level 1 of the Vaults
 46701 | Vaults:1 | Reached XP level 19. HP: 150/190 MP: 4/18
 47241 | Slime:1  | Entered Level 1 of the Pits of Slime
 47511 | Vaults:1 | Identified the +1 leather armour "Abuiddima" {rF+}
 48212 | Vaults:1 | Received a gift from Trog
 48236 | Vaults:1 | Reached skill level 22 in Fighting
 48820 | Orc:2    | Bought a potion of curing for 75 gold pieces
 49050 | D:14     | You paid a toll of 19 potions of curing to enter a treasure
                  | trove
 49051 | Trove    | Entered a treasure trove
 49054 | Trove    | Found the +2 cloak of the Thief {*Fog Slay-2 SInv Stlth+}
 49067 | Trove    | Identified the +8 kite shield "Irergh" {Str+2}
 49068 | Trove    | Identified the +0 ring mail "Ikec" {Dex+4}
 49073 | Trove    | Identified the +0 pair of gloves "Juoconus" {Str+5}
 49074 | Trove    | Identified the +1 pair of gloves of Cowardice {rPois rF-
                  | rC+++ rN+}
 49077 | Trove    | Identified the +5 scale mail of Sunlight {+Inv rPois rN++
                  | Int-4}
 49173 | Vaults:1 | You are sucked into a shaft and drop 1 floor!
 49405 | Vaults:2 | Found a staircase to the Crypt.
 49638 | Vaults:2 | Received a gift from Trog
 50649 | Vaults:2 | Received a gift from Trog
 51344 | Vaults:2 | Reached XP level 20. HP: 193/202 MP: 16/19
 52361 | Vaults:3 | Identified the +5 war axe "Painted Beetle's Curse" {vorpal,
                  | Str+4} (Trog gifted it to you on level 3 of the Vaults)
 52361 | Vaults:3 | Received a gift from Trog
 52541 | Vaults:3 | Reached skill level 23 in Fighting
 53731 | Vaults:4 | Found Hejezxo's Distillery.
 54263 | Vaults:4 | Reached skill level 10 in Evocations
 55008 | Vaults:4 | Noticed Margery
 55018 | Vaults:4 | Killed Margery
 55305 | Vaults:4 | Received a gift from Trog
 56006 | Vaults:5 | Entered Level 5 of the Vaults
 56031 | Vaults:4 | Reached XP level 21. HP: 196/212 MP: 0/20
 56040 | Vaults:5 | Noticed a dread lich
 56199 | Vaults:4 | Killed a dread lich
 56532 | Vaults:5 | Demolished by a frost giant

Illustrated notes

Levels and vault maps discovered:
D:1:      pf_arrival_petrified_forest, layout_basic,
          hellmonk_ecumenical_altar_heavens_door
D:2:      layout_rooms, uniq_natasha, uniq_robin
D:3:      layout_loops_ring, cheibrodos_sewer_entry_sluice, st_stairs_5,
          kennysheep_generic_room_14
D:4:      layout_layer_cave, nicolae_qazlal_style_of_elements,
          hangedman_decor_opposing, eino_small_chamber_without_monster,
          minmay_manual_mullet, uniq_menkaure
D:5:      layout_cave_pods, fiery_altar_vehumet,
          chequers_temple_overflow_statue_of_worship, kb_xom_exploding_sheep,
          minmay_temple_entry_antechambers
D:6:      layout_layer_cave, mainiacjoe_overflow_catwalk,
          mainiacjoe_overflow_cross_hatched, kennysheep_dice
D:7:      layout_basic, nicolae_ossuary_entry_monument, uniq_duvessa
D:8:      minmay_chambers_of_sevens, layout_basic
D:9:      layout_rooms, orc_0_dummy, uniq_maurice, uniq_joseph
D:10:     layout_stronghold, lemuel_crystal_altar
D:11:     layout_gridville, erik_lair_orcish_takeover, minivault_27,
          minivault_21, wad_hexagon
D:12:     layout_stronghold, uniq_erolcha
D:13:     erik_rubicon_a, layout_basic, lightli_vaults_fourway_checkpoint
D:14:     layout_rooms, hangedman_decor_slide_cut, enter_trove_1,
          portal_ice_cave_entry_ugly_swarm, serial_shops,
          nicolae_shop_competitors_out_of_business
D:15:     grunt_enter_depths_snipers, layout_basic, serial_park_fountain,
          water_maze_lemuel
Temple:   nicolae_temple_god_jail
Lair:1:   layout_gridlike
Lair:2:   layout_regular_city, elwin_shoals_entry_rooms,
          chequers_serial_rivers_micro_b
Lair:3:   layout_layer_cave, minmay_snake_entry_guardpost_small
Lair:4:   layout_regular_city, nicolae_volcano_entry_batcave
Lair:5:   layout_regular_city, grunt_forest_stairs_clearing
Lair:6:   cheibrodos_lair_end_hotspot, layout_layer_cave,
          nicolae_slime_entry_slimehenge, serial_bayou_shore_a
Shoals:1: cheibrodos_shoals_epimethial_gifts, layout_shoals,
          nicolae_alphabet_shops, uniq_kirke
Shoals:2: layout_shoals
Shoals:3: layout_shoals, uniq_bai_suzhen
Shoals:4: shoals_end_grunt_garden, layout_shoals, serial_shops,
          bzr_entry_customers, shop, nicolae_shop_advertising_works
          [nicolae_subvault_shop_adworks], shop_statue, nicolae_square_shop,
          nicolae_shoals_drake_roost
Snake:1:  layout_gridlike, nicolae_shop_clearance, grunt_megastairs_4
Snake:2:  layout_gridlike, serial_shops, nicolae_shop_hallway_plus,
          uniq_vashnia, uniq_donald, uniq_aizul
Snake:3:  layout_basic, nicolae_snake_guarding_the_ruins, nicolae_integral_box,
          minmay_shop_grove
Snake:4:  snake_pit, layout_layer_cave, nicolae_snake_gridmaze_waves
Slime:1:  layout_caves, nicolae_slime_phagocytosis
Orc:1:    layout_diamond_mine
Orc:2:    st_orc_elflike, layout_caves, serial_shops, shop
Elf:1:    minmay_elf_arrival_summoners, layout_rooms,
          infiniplex_enter_wizlab_spiral, minmay_elf_demonology, fountainhead
Vaults:1: dpeg_vaults_hating_casters, nicolae_vaults_ninety_degrees, v_misc_28,
          dpeg_vaults_monster_box, nicolae_vaults_big_ls, vaults_room_boxed,
          v_rooms_5, nicolae_vaults_little_squares_6, layout_vaults_omnibox
Vaults:2: v_pattern_3, vaults_mumra_hexcomb, grunt_vaults_funneled_arena,
          hangedman_vaults_trim, vaults_room_stairs_pillars,
          minmay_crypt_entry_vampire_xt, hangedman_vaults_impose,
          layout_vaults_omnicross
Vaults:3: hangedman_vaults_impose, nicolae_vaults_little_squares_1,
          nicolae_vaults_theta, ontoclasm_vaults_ligature, v_alt_pattern_6,
          vaults_standard_mumra_enter_the_diamond, hangedman_vaults_unwind,
          nicolae_vaults_three_branches, nicolae_vaults_shelves_hall,
          vaults_mumra_minichess_inversion, nicolae_vaults_specimen_jars,
          v_misc_19, nicolae_vaults_theta, v_misc_3, v_misc_8,
          vaults_dpeg_emergency_exit, layout_vaults_maze_snakey
Vaults:4: nicolae_vaults_border_crossing, v_misc_25, vaults_dpeg_doors,
          hangedman_vaults_stitches, vaults_mumra_minichess,
          nicolae_vaults_circle_grid_a, vaults_room_pools,
          layout_vaults_quadrants, serial_glass, serial_shops,
          nicolae_shop_competitors_out_of_business, uniq_margery
Vaults:5: serial_shops

Skill      XL: |  1  2  3  4  5  6  7  8  9 10 11 12 13 14 15 16 17 18 19 20 21 |
---------------+----------------------------------------------------------------+-----
Fighting       | 4 5 6 7 9 10 12 13 15 16 17 19 20 21 22 23 | 23.9
Axes           | 4 5 6 7 9 10 12 13 15 16 17 18 | 18.0
Armour         | 3 4 5 8 11 14 16 18 19 20 21 | 21.1
Dodging        | 3 4 5 9 12 | 12.0
Throwing       | 1 2 3 5 6 8 9 11 12 13 14 15 17 18 19 20 | 20.2
Shields        | 7 11 14 15 | 15.0
Evocations     | 3 6 8 10 11 | 11.2

Action                   |  1- 3 |  4- 6 |  7- 9 | 10-12 | 13-15 | 16-18 | 19-21 || total
-------------------------+-------+-------+-------+-------+-------+-------+-------++-------
Melee: Hand axe          |    88 |   158 |   287 |       |       |       |       ||   533
       Headbutt          |     8 |    22 |    65 |    91 |   260 |   388 |   296 ||  1130
       Punch             |       |     1 |     1 |       |       |       |       ||     2
       Broad axe         |       |       |    20 |   422 |  1023 |  1372 |   833 ||  3670
Throw: Stone             |     5 |     3 |    19 |       |     1 |       |       ||    28
       Boomerang         |       |       |       |     8 |   106 |    38 |       ||   152
       Dart              |       |       |       |    14 |    11 |       |       ||    25
       Throwing net      |       |       |       |       |    11 |     2 |       ||    13
       Javelin           |       |       |       |       |     3 |     7 |    26 ||    36
Invok: Berserk           |     2 |     2 |       |     1 |     2 |       |       ||     7
       Trog's Hand       |     1 |     1 |     1 |     2 |    14 |     6 |     9 ||    34
       Brothers in Arms  |       |       |       |     2 |     5 |     5 |     5 ||    17
Evoke: Wand              |       |     5 |     5 |     1 |     6 |       |       ||    17
       Tin of tremorston |       |       |       |       |       |     2 |     2 ||     4
       Phantom mirror    |       |       |       |       |       |     1 |     1 ||     2
  Use: Scroll            |     2 |     6 |    11 |    14 |     9 |     4 |       ||    46
       Potion            |       |       |       |       |     5 |       |     8 ||    13
 Stab: Held in net/web   |       |       |       |       |     4 |       |       ||     4
       Petrified         |       |       |       |       |       |    22 |       ||    22
       Petrifying        |       |       |       |       |       |     6 |       ||     6
Armor: Animal skin       |     7 |       |       |       |       |       |       ||     7
       Leather armour    |    12 |    35 |       |       |       |       |       ||    47
       Scale mail        |       |     1 |    44 |       |       |       |       ||    45
       Chain mail        |       |       |    67 |     4 |       |       |       ||    71
       Plate armour      |       |       |       |   231 |   388 |       |       ||   619
       Storm dragon scal |       |       |       |       |   154 |   457 |   471 ||  1082
Dodge: Dodged            |    53 |   102 |   160 |   132 |   286 |   299 |   327 ||  1359
       Repelled          |       |       |       |       |     6 |     2 |       ||     8
Block: Kite shield       |       |       |       |    92 |       |       |       ||    92
       Tower shield      |       |       |       |   241 |  1198 |  1619 |  1240 ||  4298
       Reflection        |       |       |       |       |       |   179 |    77 ||   256

Table legend: (Time is in decaauts)
 A = Elapsed time spent in this place.
 B = Non-inter-level travel time spent in this place.
 C = Inter-level travel time spent in this place.
 D = Time resting spent in this place.
 E = Time spent auto-exploring this place.
 F = Levels seen in this place.
 G = Mean time per level.
                   A        B        C        D        E       F      G
               +--------+--------+--------+--------+--------+-----+--------+
         Total |  56529 |  52642 |   3887 |   8661 |  33197 |  45 | 1256.2 |
       Dungeon |  20205 |  18257 |   1948 |   1702 |  13378 |  15 | 1347.0 |
        Temple |     53 |     40 |     13 |      0 |     28 |   1 |   53.0 |
          Lair |   7916 |   7204 |    712 |    311 |   5277 |   6 | 1319.3 |
        Shoals |   8321 |   8061 |    260 |   2621 |   3516 |   4 | 2080.2 |
     Snake Pit |   6408 |   6082 |    326 |    806 |   3808 |   4 | 1602.0 |
    Slime Pits |     23 |     22 |      1 |      0 |      0 |   1 |   23.0 |
  Orcish Mines |   1928 |   1520 |    408 |    306 |    827 |   2 |  964.0 |
   Elven Halls |      3 |      3 |      0 |      0 |      0 |   1 |    3.0 |
        Vaults |   8740 |   8524 |    216 |   1588 |   5368 |   5 | 1748.0 |
        Bazaar |     17 |     17 |      0 |      0 |      0 |   1 |   17.0 |
         Trove |     59 |     59 |      0 |      0 |      0 |   1 |   59.0 |
         Sewer |    284 |    284 |      0 |      0 |    254 |   1 |  284.0 |
       Ossuary |    428 |    428 |      0 |    146 |    162 |   1 |  428.0 |
      Ice Cave |   1208 |   1208 |      0 |    479 |    497 |   1 | 1208.0 |
       Volcano |    928 |    928 |      0 |    701 |     82 |   1 |  928.0 |
               +--------+--------+--------+--------+--------+-----+--------+

Top non-repeatable levels by time:
Shoals:3: 3370 daAuts
Vaults:2: 2950 daAuts
Vaults:4: 2718 daAuts
  Lair:6: 2392 daAuts
 Snake:4: 2158 daAuts
     D:2: 2113 daAuts
Shoals:1: 2111 daAuts
    D:11: 1773 daAuts
     D:8: 1721 daAuts
Shoals:4: 1688 daAuts
 Snake:3: 1680 daAuts
Vaults:3: 1566 daAuts
    D:12: 1522 daAuts
     D:4: 1505 daAuts
    D:13: 1471 daAuts
